Description

пп

Replay - GuMiho v Serral: Game 1 - Mech Depot LE

Build Order

Get SALT Encoding   

  12  0:00  SCV  
  13  0:12  SCV  
  14  0:20  Supply Depot  
  14  0:24  SCV  
  15  0:29  Refinery  
  15  0:41  SCV  
  16  0:45  Barracks  
  16  0:53  SCV  
  17  1:05  SCV  
  18  1:18  SCV  
  19  1:31  Orbital Command  
  19  1:32  Reaper  
  20  1:42  Command Center  
  20  1:53  Factory  
  20  1:57  SCV  
  21  2:07  Barracks Reactor, Supply Depot  
  21  2:10  SCV  
  22  2:18  Refinery  
  22  2:22  SCV  
  24  2:40  Hellion  
  24  2:44  Starport  
  27  2:53  Orbital Command  
  28  3:08  Hellion x2  
  33  3:16  Barracks Tech Lab  
  34  3:20  Viking  
  37  3:29  Supply Depot  
  40  3:37  Hellion x2  
  40  3:39  Liberator  
  43  3:43  Barracks Tech Lab  
  45  3:58  Supply Depot  
  50  4:05  Armory  
  51  4:16  Supply Depot  
  52  4:20  Hellion x2  
  60  4:40  Command Center  
  60  4:41  Hellion x2  
  64  4:45  Raven  
  64  4:50  Refinery x2  
  68  4:58  Terran Vehicle Weapons Level 1  
  70  5:14  Hellion  
  74  5:30  Factory x2  
  74  5:39  Starport Reactor  
  76  5:55  Factory x2  
  84  6:07  Orbital Command  
  84  6:15  Refinery x2  
  87  6:27  Thor  
  77  6:33  Thor  
  85  6:42  Factory Reactor  
  85  6:43  Factory Tech Lab  
  86  6:53  Engineering Bay  
  89  6:55  Terran Vehicle Weapons Level 2  
  89  6:58  Medivac x2  
  100  7:11  Siege Tank x2  
  109  7:27  Siege Tank  
  107  7:32  Viking  
  120  7:46  Siege Tank x2  
  120  7:48  Liberator  
  126  7:52  Widow Mine  
  126  7:55  Infernal Pre-Igniter  
  130  8:09  Missile Turret  
  133  8:14  Command Center  
  133  8:15  Siege Tank x2  
  139  8:23  Siege Tank  
  150  8:29  Missile Turret  
  152  8:51  Siege Tank x2  
  169  9:11  Terran Vehicle And Ship Armor Level 1  
  169  9:14  Viking x2  
Spawning Tool Build Advisor. Get it on Overwolf

Analysis

пп

Go to:

Details

  • Created by: Artur
  • Published on: Jun 23, 2018
  • Modified on: Jun 23, 2018
  • Patch: 4.0.0
Show
View Real Time Build Order
Export as new Build Order

Comments (0)

There are no comments. Be the first!

Create an account to comment!